 Dungeon Crawl Stone Soup version 0.20.1-1-g8b1a95d (webtiles) character file.

165039 Peloso the Hoplite (level 17, 0/154 HPs)
             Began as a Minotaur Fighter on July 11, 2017.
             Was the Champion of Okawaru.
             Killed from afar by a manticore (18 damage)
             ... with a volley of spikes
             ... on level 1 of the Shoals.
             The game lasted 01:39:03 (28064 turns).

Peloso the Hoplite (Minotaur Fighter)              Turns: 28064, Time: 01:39:04

Health: 0/154      AC: 27    Str: 33    XL:     17   Next: 27%
Magic:  18/18      EV: 11    Int:  8    God:    Okawaru [******]
Gold:   1111       SH: 23    Dex: 16    Spells: 17/17 levels left

rFire    + + .     SeeInvis .   k - +1 long sword of Xitzam {flame, Str+7 Dex+4}
rCold    . . .     Gourm    +   R - +5 shield of the Nine Stars {+Fly rF+}
rNeg     . . .     Faith    .   J - +0 plate armour {rC+}
rPois    .         Spirit   .   p - +2 hat {Int+3}
rElec    .         Reflect  .   a - +2 cloak {+Inv}
rCorr    .         Harm     .   b - +2 pair of gloves
MR       +....                  N - +0 pair of boots {run}
Stlth    ..........             O - amulet of the gourmand
Regen    0.4/turn               L - +2 ring of slaying
MPRegen  0.2/turn               e - ring of fire

@: barbed spikes, very slightly contaminated, quick
A: retaliatory headbutt, horns 2
a: Heroism, Finesse, Renounce Religion, Evoke Invisibility, Evoke Flight


You were on level 1 of the Shoals.
You worshipped Okawaru.
Okawaru was exalted by your worship.
You were not hungry.

You visited 6 branches of the dungeon, and saw 27 of its levels.
You also visited: Labyrinth and Sewer.

You collected 2540 gold pieces.
You spent 1429 gold pieces at shops.

Inventory:

Hand Weapons
 k - the +1 long sword of Xitzam (weapon) {flame, Str+7 Dex+4}
   (Okawaru gifted it to you on level 1 of the Orcish Mines)

   It has been specially enchanted to burn those struck by it, causing extra
   injury to most foes and up to half again as much damage against particularly
   susceptible opponents.
   Big, fiery blades are also staple armaments of hydra-hunters.
   It affects your strength (+7).
   It affects your dexterity (+4).
Armour
 a - a +2 cloak of invisibility (worn)
 b - a +2 pair of gloves (worn)
 p - a +2 hat of intelligence (worn)
 J - a +0 plate armour of cold resistance (worn)
 N - a +0 pair of boots of running (worn)
 R - the +5 shield of the Nine Stars (worn) {+Fly rF+}
   (You found it on level 6 of the Lair of Beasts)

   It protects you from fire.
   It lets you fly.
Jewellery
 d - the amulet of False Pretenses {rC+ Regen+ Str+4 Int+5}
   (You found it in a labyrinth)

   [amulet of regeneration]

   It affects your strength (+4).
   It affects your intelligence (+5).
   It protects you from cold.
   It increases your rate of regeneration.
 e - a ring of fire (right hand)
 B - a +4 amulet of reflection
 L - a +2 ring of slaying (left hand)
 O - an amulet of the gourmand (around neck)
 P - an uncursed ring of resist corrosion
 W - an uncursed ring of see invisible
Wands
 c - a wand of digging (7/24)
Scrolls
 i - 3 scrolls of identify
 l - 10 scrolls of remove curse
 t - 5 scrolls of magic mapping
 M - 3 scrolls of recharging
 Q - a scroll of summoning
 S - 2 scrolls of fear
Potions
 g - 8 potions of curing
 h - a potion of heal wounds
 j - a potion of magic
 o - a potion of might
 u - 3 potions of invisibility
 A - a potion of flight
 D - 3 potions of agility
 E - 2 potions of resistance
Books
 r - a book of Frost

   Spells                             Type                      Level
   a - Freeze                         Ice                          1
   b - Throw Frost                    Conjuration/Ice              2
   c - Ozocubu's Armour               Charms/Ice                   3
   d - Throw Icicle                   Conjuration/Ice              4
   e - Summon Ice Beast               Ice/Summoning                4
Comestibles
 f - 14 bread rations
 m - 4 meat rations
 n - 13 royal jellies
 q - 15 fruits


   Skills:
 + Level 14.3 Fighting
 + Level 16.4 Long Blades
 + Level 1.2 Throwing
 + Level 14.8 Armour
 + Level 4.5 Dodging
 + Level 2.3 Stealth
 + Level 21.0 Shields
 + Level 1.4 Unarmed Combat
 + Level 0.8 Spellcasting
 + Level 3.2 Invocations
 + Level 2.0 Evocations


You had 17 spell levels left.
You didn't know any spells.

Dungeon Overview and Level Annotations

Branches:
Dungeon (15/15)            Temple (1/1) D:4            Lair (6/6) D:9
 Shoals (2/4) Lair:2        Snake (0/4) Lair:3        Slime (0/5) Lair:6
    Orc (2/2) D:10            Elf (1/3) Orc:2        Vaults (0/5) D:13
 Depths (0/5) D:15

Altars:
Cheibriados
Dithmenos
Elyvilon
Fedhas
Gozag
Hepliaklqana
Kikubaaqudgha
Makhleb
Nemelex Xobeh
Okawaru
Qazlal
Ru
Sif Muna
Trog
Uskayaw
Vehumet
Xom
Yredelemnul
Zin
The Shining One
Beogh

Shops:
D:5 =   D:10 ?   Orc:2 !(:[***?[

Portals:
Trove: D:12 (show abyssal rune of Zot)

Annotations:
Shoals:2 Polyphemus


Innate Abilities, Weirdness & Mutations

You reflexively headbutt those who attack you in melee.
You have a pair of horns on your head.


Message History

The merfolk closely misses you. You furiously retaliate!
You headbutt the merfolk.
You riposte.
You slash the merfolk! You burn the merfolk. You headbutt the merfolk!
You kill the merfolk!
Okawaru accepts your kill.
Things that are here:
a trident; 8 tomahawks You start resting.
The sentinel's mark upon you fades away.
You start resting.
A manticore comes into view.
A manticore is nearby!
The manticore flicks its tail.
The volley of spikes hits you!
The barbed spikes become lodged in your body.
* * * LOW HITPOINT WARNING * * *
The manticore flicks its tail.
The volley of spikes hits you!
The barbed spikes become lodged in your body.
You die...

####.##...≈≈≈≈≈≈≈≈≈≈......##...≈≈
.##.......≈≈≈≈≈≈≈≈≈......####..≈≈
.........≈≈≈≈≈≈≈≈≈≈.########..≈≈≈
........≈≈≈≈≈≈≈≈≈≈H.# #.......≈≈
.P...≈≈≈≈≈≈≈≈≈≈≈≈≈..##########...
.≈.≈≈≈≈≈≈≈≈≈≈...≈≈.....# ###.
≈≈≈≈≈≈≈≈≈≈≈≈≈....≈...### ##
≈≈≈≈≈≈≈≈≈≈≈..........##### ##
≈≈≈≈≈≈≈≈≈≈≈..###@>.......#######.
≈≈≈≈≈≈≈≈≈≈≈≈.###...≈.............
≈≈≈≈≈≈≈≈≈≈≈≈..#....≈...###......≈
P≈≈≈≈≈≈≈≈≈≈≈.(.....≈...##)...≈≈≈≈
.≈≈≈≈≈≈≈≈≈≈≈≈.>...≈≈≈≈..##..≈≈≈≈≈
.≈P≈≈≈≈≈≈≈≈≈≈≈...≈≈≈≈≈...#..≈≈≈≈≈
.≈P≈≈≈≈≈≈≈≈≈≈≈≈≈≈≈≈≈≈.......≈≈≈≈≈
..≈≈≈≈≈≈≈≈≈≈≈≈≈≈≈≈≈.≈......≈≈≈≈≈≈
≈≈≈≈≈≈≈≈≈≈≈≈≈≈≈≈≈≈≈≈≈≈....≈≈≈≈≈≈≈


You could see a manticore.

Vanquished Creatures
  Rupert (Lair:5)
  A tengu reaver (D:14)
  The ghost of Timinator the Earth Mage, a journeyman GrEE of Vehumet (D:12)
  The ghost of schorsch312 the Bludgeoner, a journeyman HOFi of Makhleb (D:15)
  The ghost of Pytinka the Cleaver, a journeyman MiFi of Trog (D:12)
  An ettin (D:15)
  A merfolk impaler (Shoals:2)
  Snorg (Orc:1)
  A minotaur (Lab)
  5 ogre magi
  9 hydras
  Harold (Lair:2)
  4 vault guards (D:13)
  4 catoblepae
  An alligator snapping turtle (Shoals:2)
  A merfolk aquamancer (Shoals:2)
  4 centaur warriors
  2 tengu warriors (D:15)
  17 two-headed ogres
  10 death yaks
  A shock serpent (shapeshifter) (D:13)
  2 orc high priests
  A deep elf knight (Orc:2)
  Sonja (Lair:1)
  3 deep trolls
  2 sea snakes
  3 unseen horrors
  Pikel (D:8)
  5 harpies
  A wolf spider zombie (D:14)
  6 deep elf magi
  3 orc knights (Orc:1)
  10 ugly things
  5 cyclopes
  2 orc sorcerers (Orc:1)
  9 manticores
  3 fauns (Shoals:1)
  2 centaur zombies
  A guardian serpent (D:14)
  A merfolk siren (Shoals:2)
  7 black mambas
  2 water nymphs
  A gargoyle (D:15)
  10 spiny frogs
  A rime drake (Lair:5)
  2 kobold demonologists
  An efreet (D:15)
  9 komodo dragons
  5 merfolk
  14 trolls
  2 wind drakes (Shoals:1)
  The ghost of Alannah the Sneak, an amateur DsAs (D:4)
  Prince Ribbit (D:6)
  A hornet (D:15)
  12 dream sheep
  11 blink frogs
  8 hippogriffs
  3 snapping turtles
  5 slime creatures (D:12)
  2 shadows (D:15)
  38 yaks
  4 water elementals
  2 redbacks (Lab)
  3 wyverns
  2 basilisks
  2 steam dragons
  A hungry ghost (D:8)
  Menkaure (D:7)
  10 wargs
  4 nagas (Lair:3)
  A soldier ant (D:12)
  An acid dragon (D:13)
  11 porcupines
  12 water moccasins
  5 sky beasts
  An eye of draining (D:13)
  4 ice beasts
  A black bear (D:11)
  A hornet zombie (D:15)
  13 orc warriors
  4 phantoms
  2 necrophages
  A slave (D:8)
  33 ogres
  10 centaurs
  4 wolves (Lair:4)
  17 crocodiles
  A big kobold (D:10)
  19 bullfrogs
  A gnoll sergeant (Orc:1)
  A wyvern zombie (D:12)
  A wyvern skeleton (D:7)
  A water moccasin skeleton (D:8)
  4 scorpions
  10 killer bees
  2 electric eels (Lair:1)
  11 wights
  8 howler monkeys
  7 crimson imps
  7 hounds
  2 bullfrog zombies
  A quasit (D:8)
  27 orc wizards
  3 centaur skeletons
  14 orc priests
  3 jellies
  5 iguanas
  12 worker ants
  A killer bee zombie (D:10)
  A hound zombie (D:11)
  2 hound skeletons
  2 worker ant zombies
  A howler monkey zombie (D:10)
  17 gnolls
  A howler monkey skeleton (D:11)
  19 adders
  6 river rats (D:7)
  4 shadow imps
  19 oozes
  An adder zombie (D:8)
  2 adder skeletons
  A worm (D:2)
  2 dart slugs
  17 leopard geckos
  56 orcs
  8 ball pythons
  2 bats
  18 giant cockroaches
  4 goblins
  2 hobgoblins
  8 jackals
  8 kobolds
  6 quokkas
  15 frilled lizards
  3 jackal zombies
  24 rats
  3 plants
808 creatures vanquished.

Vanquished Creatures (others)
  A soldier ant (D:13)
  A centaur (D:8)
  A jelly (D:8)
  An orc (Orc:1)
  3 fungi
  16 plants
  5 toadstools (D:1)
28 creatures vanquished.

Grand Total: 836 creatures vanquished

Notes
Turn   | Place    | Note
-------+----------+-------------------------------------------
     0 | D:1      | Peloso the Minotaur Fighter began the quest for the Orb.
     0 | D:1      | Reached XP level 1. HP: 19/19 MP: 0/0
    69 | D:1      | Reached XP level 2. HP: 21/27 MP: 1/1
   128 | D:1      | Reached skill level 4 in Shields
   562 | D:2      | Reached XP level 3. HP: 24/33 MP: 2/2
   904 | D:2      | Reached XP level 4. HP: 27/40 MP: 3/3
  1827 | D:3      | Found a glowing drain.
  1831 | Sewer    | Entered a sewer
  1958 | Sewer    | Reached XP level 5. HP: 45/47 MP: 4/4
  2147 | Sewer    | Reached skill level 5 in Armour
  2147 | Sewer    | Reached skill level 1 in Dodging
  2232 | Sewer    | Reached skill level 5 in Shields
  2377 | Sewer    | Reached XP level 6. HP: 52/55 MP: 5/5
  2445 | D:3      | Reached skill level 5 in Long Blades
  3092 | D:4      | Found a staircase to the Ecumenical Temple.
  3101 | Temple   | Entered the Ecumenical Temple
  3139 | Temple   | Became a worshipper of Warmaster Okawaru
  3217 | D:4      | Noticed Alannah's ghost (amateur DsAs)
  3231 | D:4      | Killed Alannah's ghost
  3231 | D:4      | Reached skill level 5 in Fighting
  3231 | D:4      | Reached XP level 7. HP: 58/61 MP: 6/6
  3246 | D:4      | Reached skill level 6 in Shields
  3406 | D:4      | Reached * piety under Okawaru
  3885 | D:5      | Entered Level 5 of the Dungeon
  4194 | D:5      | Reached ** piety under Okawaru
  4194 | D:5      | Reached XP level 8. HP: 68/68 MP: 7/7
  4222 | D:5      | Found Ymeado's Jewellery Shop.
  4716 | D:6      | Reached skill level 7 in Shields
  5390 | D:6      | Reached skill level 8 in Shields
  5468 | D:7      | Noticed Prince Ribbit
  5473 | D:7      | Noticed Menkaure
  5590 | D:7      | Killed Menkaure
  5590 | D:7      | Reached *** piety under Okawaru
  5590 | D:7      | Reached XP level 9. HP: 73/75 MP: 8/8
  6408 | D:7      | Reached skill level 9 in Shields
  6753 | D:8      | Reached **** piety under Okawaru
  6753 | D:8      | Reached skill level 10 in Long Blades
  6910 | D:8      | Noticed Pikel
  6938 | D:8      | Killed Pikel
  6938 | D:8      | Reached skill level 10 in Shields
  7083 | D:8      | Reached XP level 10. HP: 85/86 MP: 9/9
  7822 | D:9      | Got an ancient hand axe
  7823 | D:9      | Identified the +10 hand axe of Brawl {chop, Int+4} (You found it on level 9 of the Dungeon)
  8020 | D:9      | Reached ***** piety under Okawaru
  8153 | D:9      | Found a staircase to the Lair.
  8512 | D:6      | Killed Prince Ribbit
  8548 | D:7      | Reached skill level 11 in Shields
  8614 | D:10     | Entered Level 10 of the Dungeon
  8614 | D:10     | Found Falaps's Magic Scroll Emporium.
  8620 | D:10     | Bought a scroll of fear for 56 gold pieces
  8620 | D:10     | Bought a scroll of enchant weapon for 120 gold pieces
  8620 | D:10     | Bought a scroll of enchant armour for 120 gold pieces
  8620 | D:10     | Bought a scroll of magic mapping for 56 gold pieces
  8620 | D:10     | Bought a scroll of identify for 32 gold pieces
  8620 | D:10     | Bought a scroll of remove curse for 48 gold pieces
  8620 | D:10     | Bought a scroll of identify for 32 gold pieces
  8842 | D:10     | Noticed a two-headed ogre
  8842 | D:10     | Noticed a two-headed ogre
  8842 | D:10     | Found a staircase to the Orcish Mines.
  8852 | D:10     | Killed a two-headed ogre
  8855 | D:10     | Killed a two-headed ogre
  8855 | D:10     | Reached skill level 1 in Evocations
  8960 | D:10     | Reached XP level 11. HP: 88/94 MP: 10/10
  9007 | D:10     | Received a gift from Okawaru
  9018 | D:10     | Reached skill level 12 in Shields
  9035 | D:10     | Received a gift from Okawaru
  9050 | D:10     | Killed an unseen horror
  9050 | D:10     | Reached skill level 1 in Invocations
  9330 | D:10     | Found a roughly hewn altar of Beogh.
  9486 | D:11     | Noticed a brown ugly thing
  9842 | D:11     | Killed a brown ugly thing
 10135 | D:11     | Noticed an eight-headed hydra
 10247 | Lair:1   | Entered Level 1 of the Lair of Beasts
 10247 | Lair:1   | Noticed a seven-headed hydra
 10320 | Orc:1    | Entered Level 1 of the Orcish Mines
 11040 | Orc:1    | Reached skill level 10 in Armour
 11245 | Orc:1    | Found a roughly hewn altar of Beogh.
 11264 | Orc:1    | Noticed Snorg
 11284 | Orc:1    | Killed Snorg
 11284 | Orc:1    | Reached skill level 13 in Shields
 11783 | Orc:2    | Entered Level 2 of the Orcish Mines
 11804 | Orc:2    | Found a staircase to the Elven Halls.
 11805 | Orc:2    | Noticed an orc knight
 11811 | Orc:2    | Found Sebbiex's Antique Weapon Shoppe.
 11818 | Orc:2    | Found Pozuts's Book Emporium.
 11824 | Orc:2    | Found Ixtaperauh's Distillery.
 11872 | Orc:2    | Found Mofie's Antique Armour Emporium.
 11882 | Orc:2    | Found a roughly hewn altar of Beogh.
 11885 | Orc:2    | Found a labyrinth entrance.
 11903 | Lab      | Entered a labyrinth
 12245 | Lab      | Got a garnet-encrusted ring mail
 12375 | Lab      | Noticed a minotaur
 12383 | Lab      | Killed a minotaur
 12388 | Lab      | Got a glittering lead amulet
 12434 | Lab      | Identified the +3 ring mail of Disaster {rF+++ rCorr MP-9 Int-2} (You found it in a labyrinth)
 12448 | Lab      | Identified the amulet of False Pretenses {rC+ Regen+ Str+4 Int+5} (You found it in a labyrinth)
 12620 | Orc:2    | Found Jiskugoh's General Store.
 12620 | Orc:2    | Noticed an ogre mage
 12621 | Orc:2    | Noticed a deep troll
 12621 | Orc:2    | Noticed a two-headed ogre
 12631 | Orc:2    | Noticed a deep troll
 12633 | Orc:2    | Killed an ogre mage
 12636 | Orc:2    | Noticed a two-headed ogre
 12637 | Orc:2    | Noticed an ogre mage
 12637 | Orc:2    | Noticed a two-headed ogre
 12640 | Orc:2    | Noticed a two-headed ogre
 12726 | Orc:1    | Killed a two-headed ogre
 12726 | Orc:1    | Reached ****** piety under Okawaru
 12726 | Orc:1    | Received a gift from Okawaru
 12726 | Orc:1    | Reached XP level 12. HP: 96/104 MP: 12/12
 12735 | Orc:1    | Got a scorched long sword {god gift}
 12739 | Orc:1    | Identified the +1 long sword of Xitzam {flame, Str+7 Dex+4} (Okawaru gifted it to you on level 1 of the Orcish Mines)
 13065 | Orc:1    | Reached skill level 14 in Shields
 13125 | Orc:2    | Killed a two-headed ogre
 13133 | Orc:1    | Killed a two-headed ogre
 13136 | Orc:1    | Killed a two-headed ogre
 13193 | Orc:1    | Paralysed by an orc sorcerer for 7 turns
 13391 | Orc:1    | Received a gift from Okawaru
 13394 | Orc:1    | Got a polished falchion {god gift}
 13395 | Orc:1    | Identified the +6 falchion of Uceneo Athi {antimagic, rN+++ Int+7 Dex-5 SInv} (Okawaru gifted it to you on level 1 of the Orcish Mines)
 13441 | Orc:1    | Killed an ogre mage
 13471 | Orc:2    | Noticed a two-headed ogre
 13471 | Orc:2    | Noticed an orc high priest
 13488 | Orc:2    | Noticed a two-headed ogre
 13491 | Orc:1    | Killed a two-headed ogre
 13491 | Orc:1    | Reached skill level 15 in Shields
 13571 | Orc:2    | Killed a two-headed ogre
 13580 | Orc:2    | Killed an orc high priest
 13580 | Orc:2    | Reached skill level 10 in Fighting
 13886 | Orc:2    | Noticed a two-headed ogre
 13901 | Orc:2    | Killed a two-headed ogre
 13901 | Orc:2    | Received a gift from Okawaru
 13901 | Orc:2    | Reached XP level 13. HP: 96/113 MP: 13/13
 13912 | Orc:2    | Found Hakkufeph's Antique Armour Boutique.
 13963 | Orc:2    | Found Ygiucim's General Store.
 13964 | Orc:2    | Found Uklaerunuk's Magic Scroll Emporium.
 13967 | Orc:2    | Bought a pair of runed boots for 187 gold pieces
 13979 | Orc:2    | Identified a +0 pair of boots of running (You bought it in a shop on level 2 of the Orcish Mines)
 13983 | Orc:2    | Bought a scroll of random uselessness for 13 gold pieces
 13990 | Orc:2    | Found Rakoir's Assorted Antiques.
 14015 | Orc:2    | Bought a golden ring for 175 gold pieces
 14027 | Orc:2    | Bought a scroll of identify for 26 gold pieces
 14027 | Orc:2    | Bought a scroll of identify for 26 gold pieces
 14085 | Orc:2    | Bought a pair of runed boots for 202 gold pieces
 14966 | Lair:1   | Noticed Sonja
 14980 | Lair:1   | Killed Sonja
 15190 | Lair:1   | Reached skill level 16 in Shields
 15709 | Lair:2   | Noticed Harold
 15730 | Lair:2   | Killed Harold
 16229 | Lair:2   | Found a staircase to the Shoals.
 16615 | Lair:3   | Found a staircase to the Snake Pit.
 16713 | Lair:3   | Received a gift from Okawaru
 16773 | Lair:3   | Reached skill level 15 in Long Blades
 16790 | Lair:3   | Reached skill level 17 in Shields
 16813 | Lair:3   | Found a blossoming altar of Fedhas.
 17521 | Lair:4   | Reached XP level 14. HP: 118/124 MP: 14/14
 18748 | Lair:5   | Noticed Rupert
 18765 | Lair:5   | Killed Rupert
 19083 | Lair:5   | Reached skill level 1 in Stealth
 19403 | Lair:6   | Entered Level 6 of the Lair of Beasts
 19496 | Lair:6   | Reached skill level 18 in Shields
 19652 | Lair:6   | Received a gift from Okawaru
 20062 | Lair:6   | Found a staircase to the Slime Pits.
 20480 | Lair:6   | Received a gift from Okawaru
 20481 | Lair:6   | Got a pair of steaming gloves {god gift}
 20501 | Lair:6   | Got a dazzling shield
 20607 | Lair:6   | Identified the +1 pair of gloves of Immorality {+Inv Str+2 Dex-5 Stlth+} (Okawaru gifted it to you on level 6 of the Lair of Beasts)
 20627 | Lair:6   | Identified the +5 shield of the Nine Stars {+Fly rF+} (You found it on level 6 of the Lair of Beasts)
 20836 | Lair:6   | Reached skill level 19 in Shields
 21611 | D:11     | Reached XP level 15. HP: 134/134 MP: 15/15
 21700 | D:12     | Noticed Pytinka's ghost (journeyman MiFi)
 21713 | D:12     | Killed Pytinka's ghost
 21737 | D:12     | Noticed Timinator's ghost (journeyman GrEE)
 21755 | D:12     | Killed Timinator's ghost
 22046 | D:12     | Found a portal to a secret trove of treasure.
 22388 | D:13     | Found a gate to the Vaults.
 22479 | D:13     | Received a gift from Okawaru
 23283 | D:13     | Identified a scroll of acquirement
 23448 | D:14     | Noticed a tengu reaver
 23463 | D:14     | Killed a tengu reaver
 23726 | D:14     | Reached skill level 20 in Shields
 23848 | D:14     | Found an ancient bone altar of Kikubaaqudgha.
 24060 | D:15     | Entered Level 15 of the Dungeon
 24146 | D:15     | Received a gift from Okawaru
 24461 | D:15     | Paralysed by an ogre mage for 4 turns
 24689 | D:15     | Received a gift from Okawaru
 24825 | D:15     | Found a staircase to the Depths.
 24829 | D:15     | Noticed schorsch312's ghost (journeyman HOFi)
 24860 | D:15     | Killed schorsch312's ghost
 24860 | D:15     | Reached XP level 16. HP: 145/145 MP: 16/16
 26044 | Elf:1    | Entered Level 1 of the Elven Halls
 26099 | Orc:2    | Reached skill level 1 in Throwing
 26099 | Orc:2    | Reached skill level 1 in Unarmed Combat
 26099 | Orc:2    | Reached XP level 17. HP: 151/151 MP: 18/18
 26135 | Orc:2    | Bought a wand of digging (8/24) for 336 gold pieces
 26544 | Shoals:1 | Entered Level 1 of the Shoals
 27813 | Shoals:2 | Reached skill level 21 in Shields
 27915 | Shoals:2 | Received a gift from Okawaru
 28026 | Shoals:2 | Noticed Polyphemus
 28064 | Shoals:1 | Killed from afar by a manticore

Skill      XL: |  1  2  3  4  5  6  7  8  9 10 11 12 13 14 15 16 17 |
---------------+----------------------------------------------------+-----
Shields        | 4 5 6 8 10 11 13 15 17 19 20 21 | 21.0
Armour         | 4 5 6 7 9 10 11 12 13 14 | 14.8
Fighting       | 4 5 6 7 9 10 11 12 13 14 | 14.3
Long Blades    | 3 4 5 7 9 10 12 13 14 15 16 | 16.4
Dodging        | 1 2 3 4 |  4.5
Evocations     | 1 2 |  2.0
Invocations    | 1 2 3 |  3.2
Stealth        | 1 2 |  2.3
Throwing       | 1 |  1.2
Unarmed Combat | 1 |  1.4
Spellcasting   | |  0.8

Action                   |  1- 3 |  4- 6 |  7- 9 | 10-12 | 13-15 | 16-18 || total
-------------------------+-------+-------+-------+-------+-------+-------++-------
Melee: Long sword        |    79 |   232 |   480 |   722 |  1167 |   217 ||  2897
       Headbutt          |     9 |    33 |   105 |   197 |   471 |    95 ||   910
Invok: Heroism           |       |       |       |    12 |     8 |       ||    20
Evoke: Wand              |       |       |     1 |     7 |     2 |     1 ||    11
  Use: Scroll            |       |       |    15 |     8 |    14 |     2 ||    39
       Potion            |       |       |       |     3 |     3 |     2 ||     8
 Stab: Petrified         |       |       |       |       |     1 |       ||     1
  Eat: Chunk             |       |     7 |    14 |    41 |    59 |    22 ||   143
       Fruit             |       |       |       |     2 |       |     2 ||     4
Armor: Scale mail        |    34 |       |       |       |       |       ||    34
       Plate armour      |     8 |   158 |   196 |   265 |   253 |   100 ||   980
Dodge: Dodged            |    23 |    40 |    80 |   117 |   173 |    79 ||   512
Block: Shield            |    47 |   149 |   340 |    78 |   456 |   230 ||  1300
       Reflection        |       |       |    13 |     1 |       |       ||    14
       Large shield      |       |       |       |   714 |   602 |       ||  1316
       Rpst.: Long sword |     2 |     9 |    22 |    21 |    39 |    16 ||   109
